 Seeded DCSS version 0.29-a0-1023-g6ae1a4a2c7 (webtiles) character file.

Game seed: 6155037152212704371 (custom seed)

1127 mathmaestro the Purveyor of Pain (level 8, -10/54 (61) HPs)
             Began as a Demonspawn Necromancer on Aug 12, 2022.
             Was an Initiate of Kikubaaqudgha.
             Mangled by a wight
             ... wielding a +3 great sword
              (15 damage)
             ... on level 6 of the Dungeon.
             The game lasted 00:09:32 (4981 turns).

mathmaestro the Purveyor of Pain (DsNe)             Turns: 4981, Time: 00:09:32

HP:   -10/54 (61)   AC:  7    Str: 10    XL:     8   Next: 13%
MP:   0/15          EV: 12    Int: 18    God:    Kikubaaqudgha [......]
Gold: 199           SH:  0    Dex: 11    Spells: 8/16 levels left

rFire   + . .      SeeInvis .   A - +12 quarterstaff of Askesosit {venom, rPois rF+ Dex-2}
rCold   . . .      Faith    .   (shield currently unavailable)
rNeg    . . .      Spirit   +   t - +0 leather armour
rPois   +          Reflect  .   (no helmet)
rElec   .          Harm     .   f - +0 cloak
rCorr   .          Rampage  .   B - +0 pair of gloves
Will    .....                   v - +0 pair of boots
Stlth   ++........              (no amulet)
HPRegen 0.18/turn               (no ring)
MPRegen 0.28/turn               (no ring)

@: heavily drained
A: magic shield, magic regeneration, sturdy frame 1, weakness stinger 1
a: Renounce Religion


You were on level 6 of the Dungeon.
You worshipped Kikubaaqudgha.
Kikubaaqudgha was noncommittal.
You visited 2 branches of the dungeon, and saw 7 of its levels.

You collected 235 gold pieces.
You spent 36 gold pieces at shops.

Inventory:

Hand Weapons
 h - a +0 dagger of venom
 j - a +0 hand axe
 q - a +0 dagger of distortion
 A - the +12 quarterstaff of Askesosit (weapon) {venom, rPois rF+ Dex-2}
   (You found it on level 5 of the Dungeon)

   It poisons the flesh of those it strikes.
   Dex:       It affects your dexterity (-2).
   rF:        It protects you from fire.
   rPois:     It protects you from poison.
Missiles
 x - 2 silver boomerangs
Armour
 c - a +0 buckler
 f - a +0 cloak (worn)
 t - a +0 leather armour (worn)
 v - a +0 pair of boots (worn)
 B - a +0 pair of gloves (worn)
Wands
 y - a wand of mindburst (15)
Scrolls
 a - a scroll of enchant weapon {unknown}
 d - a scroll of teleportation {unknown}
 e - a scroll of vulnerability {unknown}
 k - a scroll of poison {unknown}
 l - a scroll of fear {unknown}
 m - 2 scrolls of magic mapping {unknown}
 n - a scroll of identify {unknown}
 p - 2 scrolls of silence {unknown}
 r - a scroll of amnesia {unknown}
 w - a scroll of butterflies {unknown}
Potions
 b - 2 potions of magic
 g - a potion of degeneration {unknown}
 i - a potion of attraction {unknown}
 o - a potion of brilliance {unknown}
 u - a potion of berserk rage {unknown}
 z - a potion of mutation {unknown}


   Skills:
 + Level 4.5 Fighting
 + Level 4.0 Armour
 - Level 2.0 Dodging
 - Level 2.0 Stealth
 + Level 4.7 Spellcasting
 + Level 6.8 Necromancy


You had 8 spell levels left.
You knew the following spells:

 Your Spells              Type           Power      Damage    Failure   Level
a - Necrotise             Necr           100%       1d9       1%          1
b - Vampiric Draining     Necr           28%        2d8       2%          3
c - Animate Dead          Necr           28%        N/A       9%          4

Your spell library contained the following spells:

 Spells                   Type           Power      Damage    Failure   Level
 Magic Dart               Conj           16%        1d3       14%         1
 Summon Small Mammal      Summ           16%        N/A       14%         1
 Call Imp                 Summ           4%         N/A       22%         2
 Agony                    Necr           28%        N/A       24%         5
 Call Canine Familiar     Summ           4%         N/A       41%         3
 Ignite Poison            Fire/Tmut/Pois 4%         N/A       41%         3
 Mephitic Cloud           Conj/Pois/Air  4%         N/A       41%         3
 Summon Guardian Golem    Hex/Summ       4%         N/A       41%         3
 Freezing Cloud           Conj/Ice/Air   2%         6-21      99%         5


Dungeon Overview and Level Annotations

Branches:
Dungeon (6/15)             Temple (1/1) D:5

Altars:
Ashenzari
Dithmenos
Fedhas
Gozag
Hepliaklqana
Kikubaaqudgha
Makhleb
Nemelex Xobeh
Okawaru
Qazlal
Sif Muna
Trog
Uskayaw
Wu Jian
Xom
Yredelemnul

Shops:
D:3 !   D:4 :


Innate Abilities, Weirdness & Mutations

When hurt, damage is shared between your health and your magic reserves.
You regenerate magic rapidly.
Your movements are slightly less encumbered by armour. (ER -2)
You have a small tail.


Message History

The wight is moderately damaged.
The wight closely misses you.
You barely miss the wight.
The wight is moderately damaged.
The wight hits you with a +3 great sword! x2
You feel drained.
You closely miss the wight. You tail-slap the wight.
The wight is heavily damaged.
The wight barely misses you.
You barely miss the wight.
The wight is heavily damaged.
The wight barely misses you.
You closely miss the wight.
The wight is heavily damaged.
The wight hits you with a +3 great sword!
The wight hits you but does no damage.
You barely miss the wight.
The wight is heavily damaged.
The wight misses you.
You closely miss the wight.
The wight is heavily damaged.
The wight misses you.
You barely miss the wight.
The wight is heavily damaged.
The wight hits you with a +3 great sword!!
* * * LOW HITPOINT WARNING * * *
The wight hits you with a +3 great sword.
* * * LOW HITPOINT WARNING * * *
Okay, then.
You feel better. The wight misses you.
You barely miss the wight.
The wight is heavily damaged.
The wight hits you with a +3 great sword!
* * * LOW HITPOINT WARNING * * *
Okay, then.
You sock the wight!
The wight is severely damaged.
The wight hits you with a +3 great sword!
You die...
Kikubaaqudgha rasps: "You have failed me!
Welcome... death!"

#..... # #..... #~ #.#..#
#~. #....# ###.##....##
........ #..........###
#....... .............##
#......
..............#### #....#
...!.......z@....####...#
...##.......##......#..#
#.......#####......## ##
#....#..# ###.....###..
#...###)## ##..##......
#..## #..# ##..####..###
#..# #..## #.<#####..#
.... ##..###..###....###
...# #..##.)...........


You could see a wight.

Vanquished Creatures
  Sigmund (D:3)
  An ice beast (D:5)
  A black bear (D:5)
  A phantom (Temple)
  A bullfrog (D:4)
  4 scorpions
  A wight (D:6)
  A howler monkey (D:4)
  An orc priest (D:6)
  A jelly (D:5)
  An iguana (D:5)
  4 orc wizards
  7 adders
  A dart slug (D:4)
  19 orcs
  5 ball pythons
  A bat (D:2)
  3 endoplasms
  A giant cockroach (D:1)
  3 hobgoblins
  5 quokkas
  5 goblins
  7 kobolds
  3 rats
78 creatures vanquished.

Vanquished Creatures (others)
  29 plants (D:4)
29 creatures vanquished.

Grand Total: 107 creatures vanquished

Notes
Turn   | Place    | Note
-------+----------+-------------------------------------------
     0 | D:1      | mathmaestro the Demonspawn Necromancer began the quest for
                  | the Orb.
     0 | D:1      | Reached XP level 1. HP: 13/13 MP: 3/3
   412 | D:1      | Gained mutation: You regenerate magic rapidly. [demonic
                  | ancestry]
   412 | D:1      | Reached XP level 2. HP: 16/20 MP: 1/5
  1522 | D:3      | Found Zojekus's Distillery.
  1532 | D:3      | Bought a potion of curing for 36 gold pieces
  1585 | D:3      | Found a faded altar of an unknown god.
  1638 | D:3      | Reached skill level 1 in Fighting
  1956 | D:3      | Identified the +0 pair of boots of the Flute {Harm *Corrode
                  | rElec Regen+}
  2077 | D:3      | Noticed Sigmund
  2210 | D:4      | Reached XP level 3. HP: 26/26 MP: 3/6
  2216 | D:4      | Learned a level 3 spell: Vampiric Draining
  2251 | D:3      | Killed Sigmund
  2252 | D:3      | Reached skill level 5 in Necromancy
  2252 | D:3      | Gained mutation: Your movements are slightly less
                  | encumbered by armour. (ER -2) [demonic ancestry]
  2252 | D:3      | Reached XP level 4. HP: 21/34 MP: 2/8
  2252 | D:3      | Reached XP level 5. HP: 24/39 MP: 2/9
  2743 | D:4      | Gained mutation: When hurt, damage is shared between your
                  | health and your magic reserves. [demonic ancestry]
  2743 | D:4      | Reached XP level 6. HP: 38/46 MP: 7/10
  3078 | D:4      | Found Ytylop's Book Emporium.
  3609 | D:4      | Reached skill level 6 in Necromancy
  3609 | D:4      | Reached XP level 7. HP: 49/52 MP: 7/12
  3677 | D:4      | Learned a level 4 spell: Animate Dead
  3703 | D:5      | Entered Level 5 of the Dungeon
  3792 | D:5      | Identified the +12 quarterstaff of Askesosit {venom, rPois
                  | rF+ Dex-2}
  4211 | D:5      | Found a staircase to the Ecumenical Temple.
  4228 | Temple   | Entered the Ecumenical Temple
  4403 | Temple   | Became a worshipper of Kikubaaqudgha
  4656 | D:6      | Gained mutation: You have a small tail. [demonic ancestry]
  4656 | D:6      | Reached XP level 8. HP: 54/61 MP: 11/14
  4978 | D:6      | HP: 2/54 [wight/+3 great sword (4)]
  4981 | D:6      | Mangled by a wight

Illustrated notes

Levels and vault maps discovered:
D:1:      amcnicky_arrival_underground_garden, layout_loops_ring
D:2:      layout_loops_cross
D:3:      minmay_spotlight, layout_basic,
          shapermc_ecumenical_altar_starsandcircs, serial_shops, shop,
          uniq_sigmund
D:4:      layout_basic, serial_shops, shop, serial_bayou_lagoon_a,
          grunt_ministairs_1, minmay_misc_feat_tiny
D:5:      layout_loops_ring, temple_pool_b
D:6:      cheibrodos_thug_alley, layout_layer_cave, serial_rivers,
          chequers_serial_rivers_marsh, chequers_serial_rivers_micro_e,
          chequers_serial_rivers_room_b, chequers_serial_rivers_small_b,
          chequers_serial_rivers_micro_a, amcnicky_mini_rare_corridor_liquid,
          minmay_misc_feat_diagonals, st_stairs_4, uniq_edmund
Temple:   minmay_crystal_spiral_temple

Skill      XL: |  1  2  3  4  5  6  7  8 |
---------------+-------------------------+-----
Stealth        | 2 |  2.0
Dodging        | 2 |  2.0
Fighting       | 1 2 3 4 |  4.5
Armour         | 2 3 4 |  4.0
Spellcasting   | 3 4 |  4.7
Necromancy     | 5 6 |  6.8

Action                   |  1- 3 |  4- 6 |  7- 9 || total
-------------------------+-------+-------+-------++-------
Melee: Dagger            |    15 |    61 |       ||    76
       Quarterstaff      |       |       |    52 ||    52
       Tailslap          |       |       |     3 ||     3
 Cast: Necrotise         |    44 |    44 |    17 ||   105
       Vampiric Draining |     1 |     1 |     4 ||     6
  Use: Potion            |     1 |       |     1 ||     2
 Stab: Sleeping          |     1 |       |     1 ||     2
Armor: Leather armour    |     3 |    20 |    11 ||    34
       Robe              |     1 |       |       ||     1
Dodge: Dodged            |    11 |    39 |    27 ||    77
Block: Buckler           |     4 |     8 |       ||    12

Table legend: (Time is in decaauts)
 A = Elapsed time spent in this place.
 B = Non-inter-level travel time spent in this place.
 C = Inter-level travel time spent in this place.
 D = Time resting spent in this place.
 E = Time spent auto-exploring this place.
 F = Levels seen in this place.
 G = Mean time per level.
                   A        B        C        D        E       F      G
               +--------+--------+--------+--------+--------+-----+--------+
         Total |   5017 |   4762 |    255 |   1061 |   2625 |   7 |  716.7 |
       Dungeon |   4792 |   4622 |    170 |   1061 |   2507 |   6 |  798.7 |
        Temple |    225 |    140 |     85 |      0 |    118 |   1 |  225.0 |
               +--------+--------+--------+--------+--------+-----+--------+

Top non-repeatable levels by time:
     D:3: 1181 daAuts
     D:4: 1005 daAuts
     D:2: 831 daAuts
     D:1: 747 daAuts
     D:5: 680 daAuts
     D:6: 347 daAuts
  Temple: 225 daAuts
